 Seeded DCSS version 0.31-a0-7-g51783674b7 (webtiles) character file.

Game seed: 7963417945269948675 (custom seed)

126 Pimp the Sneak (level 4, -5/21 HPs)
             Began as a Spriggan Earth Elementalist on May 5, 2023.
             Killed from afar by an orc wizard (10 damage)
             ... with a magic dart
             ... on level 3 of the Dungeon.
             The game lasted 00:04:58 (2880 turns).

Pimp the Sneak (Spriggan Earth Elementalist)        Turns: 2880, Time: 00:04:59

Health: -5/21      AC:  2    Str:  4    XL:     4   Next: 83%
Magic:  6/10       EV: 18    Int: 18    God:
Gold:   237        SH:  0    Dex: 15    Spells: 9/10 levels left

rFire   . . .        m - +0 short sword
rCold   . . .        (no shield)
rNeg    . . .        a - +0 robe
rPois   .            (helmet restricted)
rElec   .            s - scarf {repulsion}
rCorr   .            (gloves unavailable)
SInv    +            (boots unavailable)
Will    .....        (no amulet)
Stlth   +++          (no ring)
HPRegen 0.23/turn    (no ring)
MPRegen 0.12/turn

%: repel missiles
@: very quick
A: very small, no large weapons, unfitting armour, see invisible, speed 3
a: no special abilities


You were on level 3 of the Dungeon.
You visited 1 branch of the dungeon, and saw 3 of its levels.

You collected 237 gold pieces.

Inventory:

Hand Weapons
 m - a +0 short sword (weapon)
Armour
 a - a +0 robe (worn)
 s - a scarf of repulsion (worn)
Scrolls
 c - a scroll of poison {unknown}
 d - 2 scrolls of noise {unknown}
 e - 4 scrolls of identify {unknown}
 h - 4 scrolls of enchant armour {unknown}
 i - 3 scrolls of teleportation {unknown}
 k - a scroll of immolation {unknown}
 o - a scroll of magic mapping {unknown}
 p - 2 scrolls of blinking {unknown}
 q - a scroll of silence {unknown}
Potions
 b - a potion of magic
 f - a potion of brilliance {unknown}
 g - a potion of mutation {unknown}
 j - 2 potions of degeneration {unknown}
 l - a potion of lignification {unknown}
 n - 2 potions of curing {unknown}
 r - a potion of attraction {unknown}
 t - a potion of haste {unknown}


   Skills:
 + Level 3.8 Dodging
 + Level 4.4 Stealth
 + Level 3.7 Spellcasting
 + Level 2.9 Transmutations
 + Level 3.3 Earth Magic


You had 9 spell levels left.
You knew the following spells:

 Your Spells              Type           Power      Damage    Failure   Level
a - Sandblast             Erth           30%        2d9       3%          1

Your spell library contained the following spells:

 Spells                   Type           Power      Damage    Failure   Level
 Passwall                 Tmut/Erth      11%        N/A       6%          2
 Stone Arrow              Conj/Erth      18%        3d8       22%         3
 Petrify                  Tmut/Erth      14%        N/A       38%         4
 Simulacrum               Ice/Necr       1%         N/A       100%        6
 Ozocubu's Refrigeration  Ice            1%         4d7       100%        7
 Polar Vortex             Ice            1%         N/A       100%        9


Dungeon Overview and Level Annotations

Branches:
Dungeon (3/15)

Altars:

Shops:
D:1 (


Innate Abilities, Weirdness & Mutations

You are very small and have problems with some larger weapons.
You are too small for most types of armour.
You have supernaturally acute eyesight. (SInv)
You cover ground extremely quickly. (Speed+++)


Message History

Casting: Sandblast (safe; 3% risk of failure)
Confirm with . or Enter, or press ? or * to list all spells.
Aiming: Sandblast (safe; 3% risk of failure)
Press: ? - help, Shift-Dir - straight line, f - orc
Aim: an orc, wielding a +0 club (wandering, hasn't noticed you, 82% to hit)
The blast of sand hits the orc!
You kill the orc!
The orc wizard shouts!
You hear a shout!
Casting: Sandblast (safe; 3% risk of failure)
Confirm with . or Enter, or press ? or * to list all spells.
Aiming: Sandblast (safe; 3% risk of failure)
Press: ? - help, Shift-Dir - straight line, f - orc
Aim: an orc, wielding a +0 club (82% to hit)
The blast of sand misses the orc.
An orc comes into view. It is wielding a +0 club.
The orc moves out of view.
Casting: Sandblast (safe; 3% risk of failure)
Confirm with . or Enter, or press ? or * to list all spells.
Aiming: Sandblast (safe; 3% risk of failure)
Press: ? - help, Shift-Dir - straight line, f/p - orc
Aim: an orc, wielding a +0 club (82% to hit)
The blast of sand hits the orc!
You kill the orc!
The orc wizard misses you.
Casting: Sandblast (safe; 3% risk of failure)
Confirm with . or Enter, or press ? or * to list all spells.
Aiming: Sandblast (safe; 3% risk of failure)
Press: ? - help, Shift-Dir - straight line, f - orc wizard
Aim: an orc wizard, wielding a +0 dagger and wearing a +0 robe (77% to hit)
The blast of sand hits the orc wizard.
The orc wizard is heavily wounded.
The orc wizard gestures at you while chanting.
The puff of flame hits you!
Unknown command.
The orc wizard points at you and mumbles some strange words.
The puff of flame hits you!
* * * LOW HITPOINT WARNING * * *
The orc wizard gestures at you while chanting.
The magic dart hits you!
You die...

#.# #######.# ###.#
##.......# K.).#
#.....##### #####
#.###.....# .. #...#.#
### ###.#.# #.. #...#
# #.### ###.# .#
#.#?.K ..(#@# ##.
#.###.###.###.# .o
#...#..K..#...# )#
#...###b# #.#.##.##
####.#...#.#...#.o)o.#
.ob.KK...#.#.....##..#
########.....##### ..#
#....## ..# ...####
..#


You could see an orc wizard.

Vanquished Creatures
  5 adders
  2 worms (D:2)
  4 orcs (D:3)
  6 bats
  5 endoplasms
  A giant cockroach (D:3)
  7 hobgoblins
  4 jackals (D:2)
  4 quokkas
  3 ball pythons
  5 frilled lizards
  10 goblins
  6 kobolds
  4 rats
66 creatures vanquished.

Notes
Turn   | Place    | Note
-------+----------+-------------------------------------------
     0 | D:1      | Pimp the Spriggan Earth Elementalist began the quest for
                  | the Orb.
     0 | D:1      | Reached XP level 1. HP: 9/9 MP: 5/5
   486 | D:1      | Reached XP level 2. HP: 13/13 MP: 4/6
   598 | D:1      | Found a faded altar of an unknown god.
   664 | D:1      | Found Jiariagokh's Weapon Shop.
  1137 | D:2      | Reached XP level 3. HP: 16/16 MP: 5/8
  1725 | D:2      | Reached skill level 4 in Stealth
  2279 | D:3      | Reached XP level 4. HP: 21/21 MP: 7/10
  2880 | D:3      | Killed from afar by an orc wizard

Illustrated notes

Levels and vault maps discovered:
D:1:      grunt_arrival_crossed_arrows, layout_loops_corners,
          ebering_ecumenical_altar_webs, serial_shops,
          nicolae_shop_bloodbath_and_beyond
D:2:      layout_basic, minmay_between
D:3:      layout_loops_ring, serial_shops, nicolae_shop_trees,
          serial_bayou_pond_b, minmay_quantized

Skill      XL: |  1  2  3 |
---------------+----------+-----
Dodging        | 3 |  3.8
Spellcasting   | 3 |  3.7
Transmutations | 2 |  2.9
Earth Magic    | 3 |  3.3
Stealth        | 4 |  4.4

Action                     |  1- 3 |  4- 6 || total
---------------------------+-------+-------++-------
  Melee: Short sword       |    23 |     5 ||    28
   Cast: Sandblast         |    55 |    36 ||    91
   Stab: Sleeping          |     5 |     2 ||     7
 Armour: Robe              |     3 |     1 ||     4
  Dodge: Dodged            |    22 |    17 ||    39

Table legend: (Time is in decaauts)
 A = Elapsed time spent in this place.
 B = Non-inter-level travel time spent in this place.
 C = Inter-level travel time spent in this place.
 D = Time resting spent in this place.
 E = Time spent auto-exploring this place.
 F = Levels seen in this place.
 G = Mean time per level.
                   A        B        C        D        E       F      G
               +--------+--------+--------+--------+--------+-----+--------+
         Total |   2146 |   2115 |     31 |    300 |   1383 |   3 |  715.3 |
       Dungeon |   2146 |   2115 |     31 |    300 |   1383 |   3 |  715.3 |
               +--------+--------+--------+--------+--------+-----+--------+

Top non-repeatable levels by time:
     D:2: 859 daAuts
     D:1: 756 daAuts
     D:3: 530 daAuts
